AoeStats
← VacaH8080

Glade

510342711Analyzed
1v1 RM · 16h ago on Sep 30, 2026· 30m 41s· 2 players
Game mode
Random Map
Map size
Tiny (2 player)
Population
200
Speed
Normal
Resources
Standard
Victory
Conquest
Starting age
Dark Age
Ending age
Imperial Age
RankedLock teamsTeams togetherTeam positionsShared explorationLock speedFull tech treeHidden civsTurbo modeCheats
Victory
Defeat
🇺🇸 Mapuche · United States
1158
+16
🇺🇸 Jurchens · United States
1165
-16
udalov
5:39 Loom
9:12 Feudal Age
9:42 Double-Bit Axe
10:23 Champi Runner
11:07 Horse Collar
13:08 Fletching
16:29 Padded Archer Armor
18:04 Wheelbarrow
22:28 Castle Age
21:27 Scale Mail Armor
21:20 Gold Mining
22:29 Crossbowman
23:05 Bodkin Arrow
23:30 Bow Saw
25:17 Chain Mail Armor
25:53 Champi Warrior
33:49 Imperial Age
31:06 Town Watch
VacaH8080
7:12 Loom
9:37 Feudal Age
9:50 Man-at-Arms
15:10 Fletching
17:15 Padded Archer Armor
19:50 Wheelbarrow
24:23 Castle Age
22:40 Double-Bit Axe
22:49 Horse Collar
24:25 Crossbowman
25:04 Bodkin Arrow
26:36 Ballistics
28:03 Gold Mining
Connection lost

Rejoining the realm…

Still unreachable

The connection could not be restored.

Session expired

The server has moved on; the page needs a fresh start.